 Dungeon Sprint DCSS version 0.27-a0-103-g6cd7b45605 (webtiles) character file.

Game seed: 8219764188009884307

90 mhtbhm the Insei (level 4, -2/33 HPs)
             Began as a Merfolk Transmuter on Jan 24, 2021.
             Was a Follower of Sif Muna.
             Slain by a jelly (3 damage)
             ... in the Dungeon (Sprint IX: "|||||||||||||||||||||||||||||").
             The game lasted 00:01:37 (630 turns).

mhtbhm the Insei (Merfolk Transmuter)                Turns: 630, Time: 00:01:37

Health: -2/33      AC:  0    Str: 13    XL:     4   Next: 56%
Magic:  4/9        EV: 17    Int: 13    God:    Sif Muna [*.....]
Gold:   0          SH:  0    Dex: 14    Spells: 7/10 levels left

rFire    . . .     SeeInvis .     - Unarmed
rCold    . . .     Faith    .   (no shield)
rNeg     . . .     Spirit   .   b - +0 robe
rPois    .         Reflect  .   (helmet currently unavailable)
rElec    .         Harm     .   l - +0 cloak
rCorr    .         Rampage  .   (no gloves)
Will     .....     NoTele   +   (boots currently unavailable)
Stlth    ++........             (no amulet)
HPRegen  0.11/turn              m - +3 ring of strength
MPRegen  0.11/turn              n - +2 ring of evasion

@: appendages (expiring), corroded, very slightly contaminated, invisible
A: change form in water, swift swim, stealthy swim, horns 2
a: End Transformation, Renounce Religion, Channel Magic


You were in the Dungeon.
You worshipped Sif Muna.
Sif Muna was aware of your devotion.
You had grown temporary horns.
You visited 1 branch

Inventory:

Armour
 b - a +0 robe (worn)
 k - a +0 helmet (melded)
 l - a +0 cloak (worn)
Jewellery
 m - a +3 ring of strength (left hand)
 n - a +2 ring of evasion (right hand)
Wands
 j - a wand of iceblast (10)
Scrolls
 g - 3 scrolls of remove curse
 h - 2 scrolls of blinking
 i - 2 scrolls of amnesia
Potions
 c - 3 potions of curing
 d - a potion of heal wounds
 e - a potion of haste
 f - 4 potions of magic


   Skills:
 + Level 1.7 Fighting
 + Level 0.1 Armour
 + Level 5.1 Dodging
 + Level 2.7 Stealth
 + Level 6.9 Unarmed Combat
 + Level 3.5 Spellcasting
 + Level 5.1 Transmutations


You had 7 spell levels left.
You knew the following spells:

 Your Spells              Type           Power        Failure   Level
a - Beastly Appendage     Tmut           30%          2%          1
b - Wereblood             Tmut           15%          4%          2

Your spell library contained the following spells:

 Spells                   Type           Power        Failure   Level
 Spider Form              Tmut/Pois      4%           22%         3
 Ice Form                 Ice/Tmut       8%           58%         4
 Blade Hands              Tmut           7%           58%         5


Dungeon Overview and Level Annotations

Branches:
Dungeon (1/1)

Altars:
Cheibriados
Dithmenos
Elyvilon
Fedhas
Gozag
Hepliaklqana
Kikubaaqudgha
Makhleb
Nemelex Xobeh
Okawaru
Qazlal
Ru
Sif Muna
Trog
Uskayaw
Vehumet
Wu Jian
Xom
Yredelemnul
Zin
The Shining One
Beogh
Jiyva
Lugonu


Innate Abilities, Weirdness & Mutations

You revert to your normal form in water.
You are very nimble and swift while swimming.
You are very stealthy in the water. (Stealth+)
You have a pair of horns on your head.


Message History

The worker ant misses you.
You hit the worker ant but do no damage.
The worker ant is almost dead.
The worker ant misses you.
You punch the worker ant!
You kill the worker ant!
Sif Muna accepts your kill.
Your Dodging skill increases to level 5!
Your Transmutations skill increases to level 5!
You hit the jelly but do no damage.
Your hands burn!
The jelly completely misses you.
You hit the jelly but do no damage.
Your hands burn!
The jelly barely misses you.
You barely miss the jelly. The jelly hits you.
You are splashed with acid!
* * * LOW HITPOINT WARNING * * *
You hit the jelly. The acid corrodes you!
Your hands burn!
* * * LOW HITPOINT WARNING * * *
The jelly is lightly wounded.
The jelly hits you.
You die... ▓▓▓▓▓▓▓▓▓▓▓▓▓▓▓▓▓▓▓▓▓▓▓▓▓ ________'..)...)@JZ...... ▓▓▓▓▓▓▓▓▓▓▓▓▓▓▓▓▓▓▓▓▓▓▓▓▓

You could see a jelly and a jackal skeleton.

Vanquished Creatures
  An orc wizard (D)
  2 worker ants (D)
  A leopard gecko (D)
  2 orcs (D)
  A bat (D)
  A bat skeleton (D)
  A bat zombie (D)
  A jackal (D)
  2 frilled lizards (D)
  A goblin (D)
  A quokka skeleton (D)
14 creatures vanquished.

Notes
Turn   | Place    | Note
-------+----------+-------------------------------------------
     0 | D        | mhtbhm the Merfolk Transmuter began the quest for the Orb.
     0 | D        | Reached XP level 1. HP: 15/15 MP: 3/3
     8 | D        | Banished a spatial maelstrom
    17 | D        | Reached skill level 4 in Unarmed Combat
   337 | D        | Reached XP level 2. HP: 21/21 MP: 3/5
   346 | D        | Found a roughly hewn altar of Beogh.
   346 | D        | Found a snail-covered altar of Cheibriados.
   346 | D        | Found a shadowy altar of Dithmenos.
   346 | D        | Found a white marble altar of Elyvilon.
   346 | D        | Found a blossoming altar of Fedhas.
   346 | D        | Found an opulent altar of Gozag.
   347 | D        | Found a hazy altar of Hepliaklqana.
   348 | D        | Found a viscous altar of Jiyva.
   349 | D        | Found an ancient bone altar of Kikubaaqudgha.
   350 | D        | Found a corrupted altar of Lugonu.
   351 | D        | Found a burning altar of Makhleb.
   352 | D        | Found a sparkling altar of Nemelex Xobeh.
   353 | D        | Found an iron altar of Okawaru.
   354 | D        | Found a stormy altar of Qazlal.
   355 | D        | Found a sacrificial altar of Ru.
   356 | D        | Found a shimmering blue altar of Sif Muna.
   357 | D        | Found a bloodstained altar of Trog.
   358 | D        | Found a hide-covered altar of Uskayaw.
   359 | D        | Found a radiant altar of Vehumet.
   360 | D        | Found an ornate altar of the Wu Jian Council.
   361 | D        | Found a shimmering altar of Xom.
   362 | D        | Found a basalt altar of Yredelemnul.
   363 | D        | Found a glowing silver altar of Zin.
   364 | D        | Became a worshipper of Sif Muna the Loreminder
   365 | D        | Found a glowing golden altar of the Shining One.
   438 | D        | Learned a level 2 spell: Wereblood
   613 | D        | Reached skill level 1 in Stealth
   613 | D        | Reached skill level 5 in Unarmed Combat
   613 | D        | Reached XP level 3. HP: 21/26 MP: 4/7
   622 | D        | Reached * piety under Sif Muna
   623 | D        | Reached skill level 6 in Unarmed Combat
   623 | D        | Reached XP level 4. HP: 20/32 MP: 4/8
   627 | D        | Reached skill level 5 in Dodging
   627 | D        | Reached skill level 5 in Transmutations
   630 | D        | HP: 1/33 [acid (2)]
   630 | D        | Slain by a jelly

Illustrated notes

Levels and vault maps discovered:
D:        linesprint [early_d, line_temple, items_1, d_10, items_2, lair_1,
          lair_end, items_3, orc_1, orc_end, items_4, d_15, swamp_1, shoals_1,
          snake_1, spider_1, d_20, vaults_1, items_5, swamp_end, shoals_end,
          snake_end, spider_end, vaults_end, d_27, items_6, zot_1, zot_end,
          crypt_end, forest_end, elf_end, slime_end, tomb_end, abyss_end,
          pan_hell_end]

Skill      XL: |  1  2  3  4 |
---------------+-------------+-----
Dodging        | 3 4 5 |  5.1
Unarmed Combat | 4 5 6 |  6.9
Transmutations | 3 4 5 |  5.1
Stealth        | 1 2 |  2.7
Spellcasting   | 3 |  3.5
Fighting       | |  1.7
Armour         | |  0.1

Action                   |  1- 3 |  4- 6 || total
-------------------------+-------+-------++-------
Melee: Unarmed           |    52 |     8 ||    60
       Headbutt          |     4 |       ||     4
 Cast: Beastly Appendage |     4 |       ||     4
       Wereblood         |     1 |       ||     1
  Use: Potion            |     6 |       ||     6
 Stab: Invisible         |     3 |     1 ||     4
Armor: Robe              |     9 |       ||     9
Dodge: Dodged            |    48 |     5 ||    53

Table legend: (Time is in decaauts)
 A = Elapsed time spent in this place.
 B = Non-inter-level travel time spent in this place.
 C = Inter-level travel time spent in this place.
 D = Time resting spent in this place.
 E = Time spent auto-exploring this place.
 F = Levels seen in this place.
 G = Mean time per level.
                   A        B        C        D        E       F      G
               +--------+--------+--------+--------+--------+-----+--------+
         Total |    631 |    631 |      0 |    433 |      0 |   1 |  631.0 |
       Dungeon |    631 |    631 |      0 |    433 |      0 |   1 |  631.0 |
               +--------+--------+--------+--------+--------+-----+--------+

Top non-repeatable levels by time:
       D: 631 daAuts
